 Dungeon Crawl Stone Soup version 0.30.0-30-g96aa6591b8 (webtiles) character file.

Game seed: 3471397036570505555

3 BreadTh the Magician (level 1, 16/16 HPs)
             Began as a Troll Hedge Wizard on June 30, 2023.
             Quit the game on level 1 of the Dungeon.
             The game lasted 00:01:02 (52 turns).

BreadTh the Magician (Troll Hedge Wizard)             Turns: 52, Time: 00:01:03

Health: 16/16      AC:  4    Str: 17    XL:     1   Next: 41%
Magic:  2/2        EV:  9    Int: 10    God:
Gold:   6          SH:  0    Dex:  9    Spells: 3/4 levels left

rFire   . . .        (no weapon)
rCold   . . .        (no shield)
rNeg    . . .        b - +0 robe
rPois   .            c - +0 hat
rElec   .            (no cloak)
rCorr   .            (gloves unavailable)
SInv    .            (boots unavailable)
Will    .....        (no amulet)
Stlth   +            (no ring)
HPRegen 1.02/turn    (no ring)
MPRegen 0.08/turn

%: no passive effects
@: no status effects
A: large, unfitting armour, claws 3, regeneration 1, shaggy fur 1, tough skin 1
a: no special abilities


You were on level 1 of the Dungeon.
You visited 1 branch of the dungeon, and saw 1 of its levels.

You collected 6 gold pieces.

Inventory:

Armour
 b - a +0 robe (worn)
 c - a +0 hat (worn)
Scrolls
 a - a scroll of amnesia {unknown}
Potions
 d - a potion of magic


   Skills:
 + Level 1.6 Dodging
 + Level 1.0 Stealth
 + Level 2.0 Spellcasting
 + Level 0.6 Conjurations
 + Level 0.7 Summonings
 + Level 0.6 Translocations


You had 3 spell levels left.
You knew the following spells:

 Your Spells              Type           Power      Damage    Failure   Level
a - Magic Dart            Conj           8%         1d3       24%         1

Your spell library contained the following spells:

 Spells                   Type           Power      Damage    Failure   Level
 Slow                     Hex            4%         N/A       30%         1
 Blink                    Tloc           4%         N/A       34%         2
 Call Imp                 Summ           4%         N/A       34%         2
 Cigotuvi's Dreadful Rot  Necr/Pois/Air  2%         N/A       43%         2
 Mephitic Cloud           Conj/Pois/Air  1%         N/A       65%         3


Dungeon Overview and Level Annotations

Branches:
Dungeon (1/15)

Altars:


Innate Abilities, Weirdness & Mutations

You are too large for most types of armour.
You have claws for hands.
Your natural rate of healing is unusually fast.
You are covered in fur. (AC +1)
You have tough skin. (AC +1)


Message History

You are now empty-clawed.
You drop a +0 dagger.
Okay, then.
Okay, then.
A kobold comes into view. It is wielding a +0 dagger.
Found a faded altar of an unknown god.
The kobold shouts!
The kobold throws a stone.
The stone barely misses you.
Found a scroll labelled KOMECVUSUY.
The kobold closely misses you.
You closely miss the kobold. The kobold closely misses you.
You closely miss the kobold. The kobold hits you but does no damage.
You barely miss the kobold. The kobold hits you with a +0 dagger.
You scratch the kobold.
You kill the kobold!
Things that are here:
a +0 dagger; a stone; a kobold corpse You now have 6 gold pieces.
There is a dry fountain here.
a - a scroll labelled KOMECVUSUY
There is a dry fountain here.
Things that are here:
a +0 dagger; a stone; a kobold corpse
There is a faded altar of an unknown god here.
You can't see any susceptible monsters within range! (Use Z to cast anyway.) This altar belongs to (a) Wu Jian, (b) Fedhas or (c) Makhleb, but you can't tell which.
Press the corresponding letter to learn more about a god, or press enter to convert or escape to cancel.
Okay, then.
There is a dry fountain here.
A dart slug comes into view.
A dart slug is nearby!
The dart slug launches a dart at you.
The slug dart hits you but does no damage.
You scratch the dart slug.
The dart slug is heavily wounded.
The dart slug bites you but does no damage.
You scratch the dart slug.
The dart slug is almost dead.
The dart slug barely misses you.
You scratch the dart slug.
You kill the dart slug!
Are you sure you want to abandon this character and quit the game? (Confirm with "yes".)

......#⌠.).⌠...#
#.#.......#..#
#.##..._.⌠#..# #
##.....#..######
#⌠.⌠.⌠#........
#..####..######
##.# #..#
#.####..#
#....?@.#
#.##....#
#.##.#..#
#.##.#..# #.#..+
# #..# #..# ##.#


There were no monsters in sight!

Vanquished Creatures
  A dart slug (D:1)
  A kobold (D:1)
2 creatures vanquished.

Notes
Turn   | Place    | Note
-------+----------+-------------------------------------------
     0 | D:1      | BreadTh the Troll Hedge Wizard began the quest for the Orb.
     0 | D:1      | Reached XP level 1. HP: 16/16 MP: 2/2
    13 | D:1      | Found a faded altar of an unknown god.
    52 | D:1      | Quit the game

Illustrated notes

Levels and vault maps discovered:
D:1:      amcnicky_arrival_underground_garden, layout_loops_ring,
          hellmonk_ecumenical_altar_run_dry, moated_statue, minmay_door_square,
          amcnicky_mini_pool_small, columned_hall_lemuel

Action                     || total
---------------------------++-------
  Melee: Unarmed           ||     7
 Armour: Robe              ||     3
  Dodge: Dodged            ||     4
